 Dungeon Crawl Stone Soup version 0.17.0 (webtiles) character file.

15212278 Eucla the Conqueror (level 27, 199/199 HPs)
             Began as a Gargoyle Fighter on Nov 15, 2015.
             Escaped with the Orb
             ... and 15 runes!
             The game lasted 04:04:17 (103996 turns).

Eucla the Conqueror (Gargoyle Fighter)            Turns: 103996, Time: 04:04:17

Health: 199/199    AC: 64    Str: 28    XL:     27
Magic:  40/40      EV: 32    Int:  9    God:
Gold:   12263      SH:  0    Dex: 25    Spells: 0 memorised, 26 levels left

rFire  + + .     SeeInvis .     M - +9 executioner's axe (holy)
rCold  + + .     Clarity  .     t - +10 gold dragon armour
rNeg   + + +     SustAt   .     (shield currently unavailable)
rPois  ∞         Gourm    .     B - +0 helmet "Fiqeney" {MR+ Dex+5}
rElec  +         Spirit   .     u - +0 cloak "Docoim" {MR+ Str+4 Dex-4 Slay+3}
rCorr  .         Warding  +     j - +2 pair of gloves {Dex+3}
rMut   .         Stasis   .     X - +2 pair of boots {run}
MR     ++++.                    S - macabre finger necklace {Ward rN+}
Stlth  ..........               K - ring of Taejuon {rPois rF+ EV+3 Dex+3 Slay+3}
                                D - ring "Axistreng" {rElec rPois rC+ rN+}
                                (no ring)

@: flying, studying Bows, quick, incredibly resistant to hostile enchantments,
extremely unstealthy
A: big wings, deformed body, deterioration 2, negative energy resistance 1,
electricity resistance, unbreathing, petrification resistance, rot immunity, AC
+20
a: Stop Flying
0: Orb of Zot
}: 15/15 runes: decaying, serpentine, slimy, silver, golden, iron, obsidian,
icy, bone, abyssal, demonic, glowing, magical, fiery, dark


You escaped.
You were full.

You visited 18 branches of the dungeon, and saw 95 of its levels.
You visited Pandemonium 1 time, and saw 29 of its levels.
You visited the Abyss 1 time.
You visited 1 bazaar.
You also visited: Labyrinth, Sewer, Ice Cave, Volcano and Wizlab.

You collected 15175 gold pieces.
You spent 2912 gold pieces at shops.

Inventory:

Hand Weapons
 r - the +10 broad axe of Akkimeuk {chop, +Inv rC- Str+2 Dex+4}
   (Okawaru gifted it to you on level 3 of the Abyss)

   It inflicts extra damage upon your enemies.
   It affects your strength (+2).
   It affects your dexterity (+4).
   It makes you vulnerable to cold.
   It lets you turn invisible.
 M - a +9 executioner's axe of holy wrath (weapon)
Armour
 g - a +2 helmet of see invisible
 j - a +2 pair of gloves of dexterity (worn)
 t - a +10 gold dragon armour (worn)
 u - the +0 cloak "Docoim" (worn) {MR+ Str+4 Dex-4 Slay+3}
   (You found it on level 3 of the Snake Pit)

   It affects your strength (+4).
   It affects your dexterity (-4).
   It affects your accuracy and damage with ranged weapons and melee attacks
   (+3).
   It affects your resistance to hostile enchantments.
 B - the +0 helmet "Fiqeney" (worn) {MR+ Dex+5}
   (You found it on level 4 of the Vaults)

   It affects your dexterity (+5).
   It affects your resistance to hostile enchantments.
 U - a +1 shield of reflection
 X - a +2 pair of boots of running (worn)
Jewellery
 c - an uncursed ring of protection from fire
 D - the ring "Axistreng" (left hand) {rElec rPois rC+ rN+}
   (You found it on level 3 of the Crypt)

   [ring of positive energy]

   It protects you from cold.
   It insulates you from electricity.
   It protects you from poison.
   It protects you from negative energy.
 I - the ring of Obsession {Ice Int+3 Slay-5}
   (You found it on level 7 of Cocytus)

   [ring of ice]

   It enhances your ice magic, and weakens your fire magic.
   It affects your intelligence (+3).
   It affects your accuracy and damage with ranged weapons and melee attacks
   (-5).
   It makes you vulnerable to fire.
   It protects you from cold.
 J - the ring "Qaadd" {rPois rC+ Str+2 Int-5 Dex-3}
   (You found it on level 7 of Cocytus)

   [ring of strength]

   It affects your strength (+2).
   It affects your intelligence (-5).
   It affects your dexterity (-3).
   It protects you from cold.
   It protects you from poison.
 K - the ring of Taejuon (right hand) {rPois rF+ EV+3 Dex+3 Slay+3}
   (You found it in a labyrinth)

   [ring of evasion]

   It affects your evasion (+3).
   It affects your dexterity (+3).
   It affects your accuracy and damage with ranged weapons and melee attacks
   (+3).
   It protects you from fire.
   It protects you from poison.
 L - the amulet of Rinwuink {rCorr rC+ MR+ Str+3 Int+3}
   (You found it in a labyrinth)

   [amulet of resist corrosion]

   It protects you from acid and corrosion.
   It affects your strength (+3).
   It affects your intelligence (+3).
   It protects you from cold.
   It affects your resistance to hostile enchantments.
 O - an uncursed amulet of resist mutation
 S - the macabre finger necklace (around neck) {Ward rN+}
   (You found it on level 7 of the Iron City of Dis)

   [amulet of warding]

   It may prevent the melee attacks of summoned creatures.
   It protects you from negative energy.
Wands
 a - a wand of teleportation (6)
 p - a wand of digging (10)
 H - a wand of teleportation (4)
 T - a wand of heal wounds (0)
Scrolls
 b - 4 scrolls of holy word
 h - 2 scrolls of enchant weapon
 i - 41 scrolls of remove curse
 o - 3 scrolls of fog
 q - a scroll of summoning
 v - a scroll of silence
 y - 12 scrolls of fear
 A - 22 scrolls of identify
 F - 4 scrolls of teleportation
 P - a scroll of brand weapon
Potions
 d - 6 potions of magic
 k - 10 potions of curing
 l - 11 potions of brilliance
 m - a potion of berserk rage
 w - a potion of resistance
 E - a potion of cancellation
 G - 2 potions of invisibility
Books
 f - a manual of Bows
Miscellaneous
 n - a lamp of fire
 V - a fan of gales
 W - a disc of storms
Comestibles
 e - 16 bread rations
 s - a royal jelly
 Q - a meat ration


   Skills:
 O Level 27 Fighting
 O Level 27 Axes
 O Level 27 Armour
 O Level 27 Dodging
 - Level 15.8 Shields
 O Level 27 Invocations
 + Level 26.4 Evocations


You had 26 spell levels left.
You didn't know any spells.

Dungeon Overview and Level Annotations

Branches:
Dungeon (15/15)            Temple (1/1) D:5            Lair (8/8) D:11
  Swamp (4/4) Lair:3        Snake (4/4) Lair:6        Slime (6/6) Lair:8
    Orc (4/4) D:9             Elf (3/3) Orc:4        Vaults (5/5) D:13
  Crypt (3/3) Vaults:2       Tomb (3/3) Crypt:3      Depths (5/5) D:15
   Hell (1/1)                 Dis (7/7) Hell            Geh (7/7) Hell
    Coc (7/7) Hell            Tar (7/7) Hell            Zot (5/5) Depths:5

Altars:
Ashenzari
Cheibriados
Dithmenos
Elyvilon
Fedhas
Gozag
Kikubaaqudgha
Makhleb
Nemelex Xobeh
Okawaru
Qazlal
Ru
Sif Muna
Trog
Vehumet
Xom
Yredelemnul
Zin
The Shining One
Beogh
Jiyva

Shops:
D:6 (   D:8 =   Orc:1 *   Orc:4 %}*}   Vaults:1 }   Vaults:2 (   Vaults:3 *

Portals:
Hell: Depths:1 Depths:2 Depths:3 Depths:4 Depths:5
Abyss: Depths:4
Pandemonium: Depths:3 Depths:4
Ziggurat: Depths:4
Trove: Vaults:3 (give 22 scrolls of identify)

Annotations:
Elf:2 1 runed door
Depths:3 exclusion: orange crystal statue


Innate Abilities, Weirdness & Mutations

You are resistant to torment.
Your stone body is resilient (AC +20).
You are immune to poison.
Your large and strong wings let you fly indefinitely.
You resist negative energy.
You are resistant to electric shocks.
You can survive without breathing.
You are immune to petrification.
You are immune to rotting.
Armour fits poorly on your strangely shaped body.
Your body often deteriorates upon taking damage.


Message History

You slice the orange demon!!
The orange demon convulses!!
You kill the orange demon!
You slash the orange demon!
The orange demon convulses!
The orange demon is heavily wounded.
The orange demon closely misses you. The orange demon barely misses you.
You hit the orange demon.
The orange demon convulses.
The orange demon is heavily wounded.
You chop the orange demon into pieces!!!
You kill the orange demon!
The smoke demon gestures at you. The sticky flame misses you.
You slice the smoke demon!!
The smoke demon convulses!
The smoke demon is almost dead.
You slice the smoke demon!!
You kill the smoke demon!
No target in view!
No target in view!
No target in view!
There is a staircase leading out of the dungeon here.
You have escaped!

#### #@.###
##....#####
#.........#####
##............#####
#.................
##......).........
##...............
###........#....
##....#####...


There were no monsters in sight!

Vanquished Creatures
  Cerebov (Pan)
  Antaeus (Coc:7)
  the royal jelly (Slime:6)
  Ereshkigal (Tar:7)
  Gloorx Vloq (Pan)
  2 seraphim the Serpent of Hell (Coc:7)
  Mnoleg (Pan)
  Dispater (Dis:7)
  Khufu (Crypt:1)
  8 orbs of fire (Zot:5)
  Mara (Snake:3)
  Mennas (Pan)
  4 ancient liches
  14 greater mummies
  Sojobo (Crypt:1)
  7 shard shrikes
  Frederick (Crypt:3)
  Saint Roka (Depths:2)
  Vashnia (Snake:4)
  2 curse toes
  A Killer Klown (Zot:5)
  Geryon (Hell)
  8 golden dragons
  Nikola (Swamp:4)
  The ghost of patrick the Warrior, an adept MiFi of Qazlal (Vaults:5)
  Jory (Crypt:1)
  the Enchantress (Depths:3)
  8 bone dragons
  A profane servitor (Crypt:3)
  33 pandemonium lords
  An electric golem (Zot:5)
  Jorgrun (Depths:2)
  A hellephant (Abyss:3)
  25 Brimstone Fiends
  23 tentacled monstrosities
  14 Hell Sentinels
  20 titans
  22 Ice Fiends
  A shard shrike skeleton (Crypt:2)
  3 quicksilver dragons (Dis:7)
  50 Orb Guardians
  25 acid blobs
  14 liches
  10 deep elf blademasters
  10 Shadow Fiends
  9 deep elf master archers
  5 eldritch tentacles
  24 Executioners
  13 sphinxes
  3 octopode crushers (Depths:3)
  10 tentacled starspawn
  13 tengu reavers
  Gastronok (D:12)
  An ancient champion (Tomb:3)
  5 thorn hunters
  Frances (D:12)
  13 death cobs
  9 shadow dragons
  Kirke (Lair:8)
  8 draconian monks
  The ghost of mopl the Warrior, an adept GrFi of the Shining One (Depths:2)
  14 storm dragons
  6 revenants
  23 daevas
  12 azure jellies
  15 fire giants
  6 deep elf sorcerers
  13 chaos champions
  Donald (Swamp:2)
  9 iron dragons
  11 greater nagas
  15 warmongers (Pan)
  Maud (D:10)
  11 vault wardens
  37 frost giants
  9 draconian knights
  7 draconian scorchers
  Aizul (Snake:1)
  The ghost of chequers the Grappler, a journeyman TrMo of Cheibriados (D:15)
  54 balrugs
  6 draconian zealots
  4 curse skulls
  27 cacodemons
  9 ghouls (Crypt:3)
  2 emperor scorpions (Depths:3)
  2 ghost moths
  34 angels
  12 draconian shifters
  34 war gargoyles
  6 spriggan defenders
  26 very ugly things
  4 draconian annihilators
  5 draconian callers
  20 ironheart preservers
  40 reapers
  2 elemental wellsprings (Coc:7)
  5 corrupters (Pan)
  27 stone giants
  5 apis (Pan)
  The ghost of Ark the Unseen, a journeyman KoAs of Makhleb (D:13)
  4 green draconians
  10 black draconians
  6 vampire knights
  15 lorocyprocas
  13 ophanim
  17 blood saints
  19 yellow draconians
  8 red draconians
  13 white draconians
  10 deep elf annihilators
  6 salamander firebrands
  18 purple draconians
  5 deep elf demonologists
  4 bennus (Tomb:3)
  3 dire elephants
  10 mottled draconians
  46 large abominations
  9 black suns
  19 ettins
  4 minotaurs
  Snorg (Lair:6)
  21 blizzard demons
  A merfolk javelineer (Depths:3)
  4 entropy weavers
  6 eidola
  13 deep elf death magi
  23 mummy priests
  2 crystal guardians
  25 fire dragons
  5 quicksilver dragon zombies
  4 death oozes (Slime:6)
  Josephine (Swamp:1)
  13 deep elf high priests
  18 yaktaur captains
  2 kraken zombies
  35 vault guards
  27 green deaths
  8 jiangshi
  2 quicksilver dragon skeletons
  17 ice dragons
  Fannar (Orc:1)
  5 hell beasts
  3 catoblepae
  16 great orbs of eyes
  18 hydras
  14 naga warriors
  Erolcha (D:8)
  18 rakshasas
  21 monstrous demonspawn
  4 ghost crabs
  4 alligators
  2 merfolk avatars (Depths:3)
  9 spriggan air magi
  15 centaur warriors
  9 statues (WizLab)
  4 death knights
  An alligator snapping turtle (Depths:3)
  11 tengu warriors
  17 ogre magi
  10 anacondas
  20 dancing weapons
  17 deep troll earth magi
  6 orc high priests
  12 shock serpents
  12 spriggan berserkers
  5 titan zombies
  21 deep troll shamans
  8 hell hogs
  5 death yaks
  16 naga sharpshooters
  58 soul eaters
  11 thrashing horrors
  2 fire crabs
  18 hell knights
  3 storm dragon zombies
  70 sun demons
  2 vampire magi
  22 small abominations
  11 spriggans
  14 iron golems
  5 titan skeletons
  12 wretched stars
  7 salamander mystics
  An unseen horror (shapeshifter) (Vaults:1)
  23 deep elf knights
  71 skeletal warriors
  2 storm dragon skeletons
  10 cherubim
  55 ice devils
  20 death scarabs
  A ghost moth zombie (Tar:4)
  18 infernal demonspawn (Pan)
  32 phantasmal warriors
  6 wizards
  46 deep trolls
  8 iron trolls (Dis:7)
  17 gelid demonspawn
  4 golden dragon zombies
  2 spriggan druids
  16 flayed ghosts
  27 anubis guards
  8 shadow wraiths
  10 shadow demons
  15 anaconda zombies
  2 unseen horrors
  37 starcursed masses
  5 hill giants
  11 deep elf summoners
  A swamp dragon (shapeshifter) (Depths:4)
  7 giant orange brains
  15 torturous demonspawn
  An orange crystal statue (Crypt:2)
  A lindwurm (Lair:8)
  8 necromancers
  23 orc knights
  3 spectral hydras (Swamp:4)
  Pikel (D:4)
  7 shambling mangroves
  8 golden dragon skeletons
  34 deep elf conjurers
  2 kraken simulacra
  10 naga ritualists
  A tengu zombie (Depths:3)
  A swamp dragon (Swamp:1)
  7 wolf spider zombies
  A giant orange brain (shapeshifter) (Depths:4)
  10 putrid demonspawn (Pan)
  6 anaconda skeletons
  4 harpies (Vaults:3)
  A sphinx zombie (Depths:3)
  11 ironbrand convokers
  8 fire giant zombies
  2 shadow dragon zombies (Geh:7)
  3 iron dragon zombies
  10 wolf spiders
  9 mana vipers
  9 griffons
  8 frost giant zombies
  A faun (shapeshifter) (Vaults:2)
  A water nymph (shapeshifter) (Depths:3)
  2 orc sorcerers
  5 shadow dragon skeletons
  A tengu skeleton (Depths:3)
  75 ugly things
  9 hornets
  5 worldbinders
  5 stone giant zombies
  6 guardian serpents (Snake:4)
  2 water nymphs (Abyss:3)
  A sphinx skeleton (Depths:3)
  3 oklob plants
  40 sixfirhies
  2 shock serpent zombies
  12 vault sentinels
  14 naga magi
  2 iron dragon skeletons
  5 shining eyes
  2 apocalypse crabs (Abyss:1)
  4 stone giant skeletons
  16 salamanders
  Maurice (D:13)
  21 moths of wrath
  6 frost giant skeletons
  20 elephants
  5 fire giant skeletons
  6 cyclopes
  3 dire elephant zombies
  An eye of devastation (Slime:6)
  48 smoke demons
  5 ice statues
  6 centaur zombies
  Psyche (D:8)
  A guardian serpent (shapeshifter) (Abyss:3)
  37 hellions
  2 spriggan zombies
  12 molten gargoyles
  47 orange demons
  2 yaktaurs (shapeshifter)
  53 rust devils
  2 human zombies
  15 spiny frogs
  2 shock serpent skeletons
  23 tormentors
  A dire elephant skeleton (Pan)
  3 catoblepas zombies
  6 swamp worm zombies (Swamp:4)
  3 emperor scorpion zombies
  A yellow draconian zombie (Coc:7)
  3 fire drakes
  36 black mambas
  4 komodo dragons
  42 yaktaurs
  15 demonic crawlers
  11 efreet
  35 guardian mummies
  2 kobold demonologists
  A silent spectre (Tar:7)
  37 hellwings
  5 ancient zymes
  24 freezing wraiths
  17 deep elf priests
  2 minotaur zombies (Lab)
  A purple draconian skeleton (Geh:4)
  10 hydra zombies
  4 jumping spiders
  9 trolls
  65 red devils
  4 harpy zombies
  3 wind drakes (Depths:3)
  A polar bear (shapeshifter) (Vaults:3)
  43 blue devils
  A minotaur skeleton (Abyss:1)
  15 polar bears
  25 two-headed ogres
  2 trolls (shapeshifter)
  A wind drake (shapeshifter) (Depths:4)
  A queen bee (shapeshifter) (Abyss:3)
  4 spectral swamp dragons (Swamp:4)
  9 giant leeches
  9 tengu conjurers
  14 bog bodies
  2 jumping spiders (shapeshifter)
  A fire giant simulacrum (Abyss:1)
  9 alligator zombies
  5 fire dragon zombies
  2 harpy skeletons
  119 slime creatures
  7 ushabtiu
  3 hydra skeletons
  4 ice dragon zombies
  13 raiju
  A sphinx simulacrum (Depths:3)
  4 ettin zombies
  2 stone giant simulacra (Vaults:2)
  7 boulder beetles
  51 deep elf magi
  119 flying skulls
  21 blink frogs
  3 black mamba zombies
  15 redbacks
  2 shock serpent simulacra
  5 wyverns
  A trapdoor spider (D:12)
  4 ettin skeletons
  Sigmund (D:5)
  2 tarantellas
  4 air elementals
  38 ynoxinuls
  A trapdoor spider (shapeshifter) (Vaults:4)
  15 fire bats
  18 vampires
  3 alligator skeletons
  2 fire dragon skeletons
  6 hogs
  A human (D:7)
  22 water elementals
  55 deep elf fighters
  3 tarantellas (shapeshifter)
  2 black mamba skeletons
  2 elf zombies
  41 neqoxecs
  89 yaks
  14 golden eyes
  Grum (D:11)
  5 wargs
  2 basilisks
  37 wraiths
  12 fire elementals
  21 shadows
  11 hippogriffs
  5 hungry ghosts
  A golden eye (shapeshifter) (Elf:1)
  39 wolves
  28 vampire mosquitoes
  A hill giant skeleton (Crypt:2)
  A soldier ant (D:8)
  12 insubstantial wisps
  2 hippogriffs (shapeshifter)
  59 nagas
  29 chaos spawn
  20 swamp worms
  A merfolk zombie (Geh:7)
  13 water moccasins
  12 porcupines
  5 swamp drakes
  6 spiny frog zombies
  7 mottled dragons
  A sky beast (shapeshifter) (Vaults:5)
  62 hell hounds
  53 orc warriors
  9 ice beasts
  5 sky beasts
  2 spiny frog skeletons
  An ettin simulacrum (Tomb:1)
  A merfolk skeleton (Geh:7)
  28 necrophages
  2 orc zombies
  A spider (Crypt:3)
  35 centaurs
  9 eyes of draining
  15 phantoms
  5 swamp dragon zombies
  2 snapping turtle zombies
  4 black bears
  15 wasps
  4 manticore skeletons
  3 snapping turtle skeletons
  65 ogres
  2 manticore zombies
  A torpor snail zombie (Crypt:1)
  4 boggarts (Abyss:1)
  4 elf skeletons
  A fire drake zombie (Crypt:1)
  A swamp dragon skeleton (Tar:4)
  17 crocodiles
  3 big kobolds
  4 brain worms
  8 wyvern skeletons (Crypt:3)
  3 human skeletons
  A glowing shapeshifter simulacrum (Depths:2)
  18 giant frogs
  An earth elemental (Abyss:3)
  2 spiny frog simulacra
  A water moccasin skeleton (Crypt:1)
  2 scorpions
  45 wights
  A troll skeleton (Tar:4)
  23 killer bees
  9 crimson imps
  5 electric eels
  5 lava snakes (Volcano)
  32 orc wizards
  A wasp zombie (D:9)
  8 quasits
  13 hounds
  A basilisk zombie (Crypt:2)
  4 giant frog skeletons
  40 jellies
  Crazy Yiuf (D:2)
  3 giant frog zombies
  37 orc priests
  6 centaur skeletons
  A soldier ant zombie (Crypt:2)
  18 iron imps
  Jessica (D:3)
  Natasha (thrice) (D:3)
  8 worker ants
  12 iguanas
  A killer bee zombie (D:10)
  20 sheep
  3 hound zombies
  33 mummies
  A worker ant zombie (D:4)
  Robin (D:3)
  13 adders
  10 gnolls
  A swamp drake zombie (Swamp:4)
  15 shadow imps
  83 river rats
  34 white imps
  2 giant eyeballs (Abyss:1)
  An ooze (Sewer)
  9 ufetubi
  A worm (shapeshifter) (Vaults:5)
  4 adder zombies
  An iguana skeleton (Crypt:1)
  5 worms
  4 giant geckos
  207 orcs
  6 ball pythons
  A bat skeleton (Crypt:2)
  5 giant cockroaches
  A gnoll zombie (Crypt:1)
  8 goblins
  11 hobgoblins
  9 jackals
  23 kobolds
  9 quokkas
  2 ball python skeletons (D:4)
  7 bats
  A giant cockroach zombie (D:4)
  A giant gecko skeleton (D:4)
  A giant gecko zombie (D:6)
  4 giant newts
  3 quokka skeletons
  4 rats
  10 briar patches
  3 bushes (D:10)
  6 crawling corpses
  4 fire vortices (Pan)
  A fulminant prism (Pan)
  13 fungi
  A lost soul (Crypt:1)
  19 plants
  15 starspawn tentacles
  A starspawn tentacle segment (Abyss:3)
5968 creatures vanquished.

Vanquished Creatures (collateral kills)
  Asmodeus (Geh:7)
  2 Shadow Fiends (Tar:7)
  2 greater nagas (Snake:4)
  A balrug (Hell)
  2 reapers (Hell)
  A war gargoyle (Hell)
  A quicksilver dragon skeleton (Geh:7)
  A sun demon (Hell)
  An iron golem (Dis:7)
  2 hell knights (Hell)
  2 skeletal warriors (Tar:7)
  A naga ritualist (Snake:4)
  A kraken simulacrum (Hell)
  An anaconda skeleton (Hell)
  An ugly thing (Pan)
  A sixfirhy (Hell)
  An orange demon (Hell)
  A naga mage (Snake:4)
  A tormentor (Tar:7)
  A silent spectre (Tar:7)
  A blue devil (Tomb:3)
  2 flying skulls (Tar:7)
  A water elemental (Hell)
  A large abomination (Pan)
  A ynoxinul (Tomb:2)
  2 fire elementals (Hell)
  2 nagas (Snake:4)
  2 spiny frog zombies (Hell)
  A tentacle (Hell)
38 creatures vanquished.

Vanquished Creatures (others)
  A pandemonium lord (Pan)
  2 Brimstone Fiends (Tomb:2)
  2 Orb Guardians (Tomb:2)
  2 Executioners
  An ancient champion (Tomb:2)
  2 tengu reavers
  A frost giant (Pan)
  A draconian scorcher (Zot:1)
  A draconian shifter (Zot:2)
  An elemental wellspring (Coc:7)
  A draconian caller (Zot:5)
  A lorocyproca (Tomb:2)
  A red draconian (Zot:2)
  A yellow draconian (Zot:1)
  2 blizzard demons
  A great orb of eyes (Tomb:2)
  A hell beast (Tomb:2)
  A soul eater (Tomb:2)
  A shadow demon (Tomb:2)
  3 sun demons
  8 ball lightnings (Pan)
  An ice devil (Tomb:2)
  2 gelid demonspawn (Pan)
  A giant orange brain (Tomb:2)
  An infernal demonspawn (Tomb:2)
  A torturous demonspawn (Pan)
  A putrid demonspawn (Tomb:2)
  2 wizards (Pan)
  3 sixfirhies (Tomb:2)
  6 smoke demons
  8 rust devils
  5 orange demons (Tomb:2)
  A spiny frog (Swamp:3)
  A hellion (Tomb:3)
  2 hellwings (Tomb:2)
  9 red devils
  3 blue devils (Tomb:2)
  A raiju (Abyss:3)
  A flying skull (Tomb:2)
  7 ynoxinuls
  A fire dragon skeleton (Tomb:2)
  A deep elf mage (WizLab)
  A spriggan skeleton (Depths:2)
  5 golden eyes (Tomb:3)
  6 large abominations (Tomb:2)
  2 chaos spawn (Tomb:2)
  3 neqoxecs
  A deep elf fighter (Elf:2)
  2 small abominations (Tomb:2)
  5 insubstantial wisps (Swamp:4)
  A naga (Snake:4)
  A swamp drake (Swamp:4)
  An orc warrior (Elf:2)
  An eye of draining (Tomb:2)
  2 ogres
  A human (D:3)
  3 quasits
  3 crimson imps
  3 iron imps (Tomb:2)
  A mummy (Tomb:2)
  2 shadow imps
  An ufetubus (Tomb:2)
  2 white imps
  An orc (Depths:2)
  2 briar patches
  A bush (Lair:8)
  95 eldritch tentacle segments
  A fulminant prism (Pan)
  16 fungi
  4 lost souls
  30 plants
  13 starspawn tentacles
  188 starspawn tentacle segments
  11 tentacles
  47 tentacle segments
549 creatures vanquished.

Grand Total: 6555 creatures vanquished

Notes
Turn   | Place    | Note
--------------------------------------------------------------
     0 | D:1      | Eucla the Gargoyle Fighter began the quest for the Orb.
     0 | D:1      | Reached XP level 1. HP: 14/14 MP: 1/1
   123 | D:1      | Reached XP level 2. HP: 17/19 MP: 2/2
   551 | D:1      | Reached XP level 3. HP: 18/24 MP: 3/3
   689 | D:2      | Noticed Crazy Yiuf
   696 | D:2      | Killed Crazy Yiuf
   696 | D:2      | Reached skill level 4 in Fighting
   696 | D:2      | Reached XP level 4. HP: 25/29 MP: 4/4
   781 | D:2      | Found a stormy altar of Qazlal.
  1343 | D:3      | Noticed Natasha
  1344 | D:3      | Noticed an ogre
  1360 | D:3      | Killed Natasha
  1368 | D:3      | Killed an ogre
  1368 | D:3      | Reached XP level 5. HP: 5/34 MP: 5/5
  1660 | D:3      | Noticed Natasha
  1665 | D:3      | Killed Natasha
  1687 | D:3      | Noticed Robin
  1696 | D:3      | Killed Robin
  1707 | D:3      | Reached XP level 6. HP: 27/39 MP: 6/6
  1782 | D:3      | Noticed a sky beast
  1812 | D:3      | Killed a sky beast
  1812 | D:3      | Reached skill level 5 in Fighting
  1821 | D:3      | Noticed Natasha
  1823 | D:3      | Killed Natasha
  1903 | D:3      | Found an ancient bone altar of Kikubaaqudgha.
  1904 | D:3      | Noticed a human
  1907 | D:3      | Killed a human
  1925 | D:3      | Reached skill level 5 in Armour
  2008 | D:3      | Noticed Jessica
  2013 | D:3      | Killed Jessica
  2015 | D:3      | Reached XP level 7. HP: 26/44 MP: 7/7
  2200 | D:4      | Reached skill level 5 in Shields
  2454 | D:4      | Found a shimmering altar of Xom.
  2465 | D:4      | Found a glowing golden altar of the Shining One.
  3116 | D:4      | Noticed Pikel
  3142 | D:4      | Killed Pikel
  3142 | D:4      | Reached skill level 6 in Fighting
  3142 | D:4      | Reached XP level 8. HP: 44/52 MP: 8/8
  3377 | D:5      | Entered Level 5 of the Dungeon
  3377 | D:5      | Noticed Sigmund
  3395 | D:5      | Killed Sigmund
  3395 | D:5      | Reached skill level 5 in Axes
  3426 | D:5      | Found a shadowy altar of Dithmenos.
  3484 | D:5      | Reached skill level 7 in Fighting
  3488 | D:5      | Found a staircase to the Ecumenical Temple.
  3507 | D:5      | Reached XP level 9. HP: 46/57 MP: 9/9
  3515 | Temple   | Entered the Ecumenical Temple
  3896 | D:5      | Found a burning altar of Makhleb.
  4354 | D:6      | Found Xejoas's Antique Weapon Emporium.
  4362 | D:6      | Bought a runed executioner's axe for 200 gold pieces
  4581 | D:6      | Found a glowing drain.
  4585 | Sewer    | Entered a sewer
  5599 | D:7      | Reached skill level 8 in Fighting
  5924 | D:7      | Reached XP level 10. HP: 55/65 MP: 8/10
  6147 | D:8      | Noticed Psyche
  6150 | D:8      | Killed Psyche
  6202 | D:8      | Noticed a cyclops
  6208 | D:8      | Killed a cyclops
  6383 | D:8      | Found Esosch's Jewellery Boutique.
  6458 | D:8      | Reached skill level 9 in Fighting
  6475 | D:8      | Found an iron altar of Okawaru.
  6478 | D:8      | Became a worshipper of Warmaster Okawaru
  6558 | D:8      | Got a steaming battleaxe
  6559 | D:8      | Identified the +6 battleaxe "Meixyvo" {flame, *Contam Dex+7} (You found it on level 8 of the Dungeon)
  6662 | D:8      | Found a shadowy altar of Dithmenos.
  6662 | D:8      | Found a radiant altar of Vehumet.
  6709 | D:8      | Found a sparkling altar of Nemelex Xobeh.
  6809 | D:8      | Noticed Erolcha
  6826 | D:8      | Killed Erolcha
  6826 | D:8      | Reached * piety under Okawaru
  7053 | D:9      | Reached XP level 11. HP: 68/72 MP: 11/11
  7148 | D:9      | Found a staircase to the Orcish Mines.
  7160 | D:9      | Found a roughly hewn altar of Beogh.
  7300 | D:9      | Reached ** piety under Okawaru
  7368 | D:9      | Reached skill level 10 in Fighting
  7371 | D:9      | Reached skill level 10 in Armour
  7755 | D:9      | Identified Sif Muna's Compendium of Torrid Confrontation (You found it on level 9 of the Dungeon)
  7902 | D:10     | Entered Level 10 of the Dungeon
  8089 | D:10     | Reached *** piety under Okawaru
  8257 | D:10     | Reached skill level 10 in Shields
  8266 | D:10     | Noticed a hill giant
  8274 | D:10     | Killed a hill giant
  8288 | D:10     | Noticed Maud
  8314 | D:10     | Killed Maud
  8588 | D:10     | Found a blossoming altar of Fedhas.
  8611 | D:10     | Reached **** piety under Okawaru
  8850 | D:11     | Found a staircase to the Lair.
  8860 | D:11     | Reached skill level 11 in Armour
  8860 | D:11     | Reached XP level 12. HP: 76/79 MP: 12/12
  8895 | D:11     | Noticed a tengu warrior
  8904 | D:11     | Killed a tengu warrior
  8904 | D:11     | Reached ***** piety under Okawaru
  9053 | D:11     | Noticed Grum
  9060 | D:11     | Killed Grum
  9112 | D:11     | Noticed a four-headed hydra
  9119 | D:11     | Killed a one-headed hydra
  9533 | Lair:1   | Entered Level 1 of the Lair of Beasts
  9576 | Lair:1   | Received a gift from Okawaru
  9922 | Lair:1   | Identified a +1 pair of boots of running (You found it on level 1 of the Lair of Beasts)
 11081 | Lair:3   | Reached skill level 12 in Fighting
 11094 | Lair:3   | Found a staircase to the Swamp.
 11166 | Lair:3   | Reached skill level 10 in Axes
 11311 | Lair:3   | Reached XP level 13. HP: 67/86 MP: 10/13
 11382 | Lair:3   | Found a shimmering altar of Xom.
 11499 | Lair:3   | Noticed an eight-headed hydra
 11506 | Lair:3   | Killed a four-headed hydra
 11615 | Lair:3   | Received a gift from Okawaru
 11775 | Lair:4   | Identified a scroll of acquirement
 11778 | Lair:4   | Got a dazzling broad axe
 11793 | Lair:4   | Found a frozen archway.
 11808 | IceCv    | Entered an ice cave
 12526 | IceCv    | Identified the +3 broad axe of Temperance {flame, +Rage} (You acquired it on level 4 of the Lair of Beasts)
 12581 | IceCv    | Noticed a frost giant
 12602 | IceCv    | Killed a frost giant
 12618 | IceCv    | Reached ****** piety under Okawaru
 12624 | IceCv    | Received a gift from Okawaru
 12670 | IceCv    | Identified Heaqi's Collected Works on Talismans
 12729 | Lair:4   | Reached skill level 13 in Fighting
 13261 | Lair:4   | Gained mutation: Your large and strong wings let you fly indefinitely. [Gargoyle growth]
 13261 | Lair:4   | Reached XP level 14. HP: 94/94 MP: 14/14
 13944 | Lair:5   | Received a gift from Okawaru
 14592 | Lair:6   | Found a staircase to the Snake Pit.
 14873 | Lair:6   | Noticed Snorg
 14882 | Lair:6   | Killed Snorg
 16194 | Lair:7   | Reached skill level 14 in Fighting
 16424 | Lair:8   | Entered Level 8 of the Lair of Beasts
 16551 | Lair:8   | Found a dark tunnel.
 16565 | Volcano  | Entered a volcano
 16684 | Volcano  | Received a gift from Okawaru
 16819 | Volcano  | Found a radiant altar of Vehumet.
 16836 | Volcano  | Found a burning altar of Makhleb.
 17117 | Lair:8   | Found a viscous altar of Jiyva.
 17117 | Lair:8   | Found a staircase to the Slime Pits.
 17380 | Lair:8   | Reached XP level 15. HP: 59/100 MP: 9/15
 17738 | Lair:8   | Noticed Kirke
 17748 | Lair:8   | Received a gift from Okawaru
 17760 | Lair:8   | Noticed a sphinx
 17765 | Lair:8   | Killed Kirke
 18839 | D:12     | Noticed Frances
 18855 | D:12     | Killed Frances
 19120 | D:12     | Noticed Gastronok
 19135 | D:12     | Killed Gastronok
 19135 | D:12     | Received a gift from Okawaru
 19542 | D:13     | Noticed Maurice
 19553 | D:13     | Killed Maurice
 19668 | D:13     | Reached skill level 15 in Armour
 19760 | D:13     | Noticed Ark's ghost (journeyman KoAs)
 19793 | D:13     | Killed Ark's ghost
 20039 | D:13     | Found a gate to the Vaults.
 20218 | D:14     | Reached skill level 15 in Shields
 20226 | D:14     | Reached skill level 15 in Fighting
 20822 | D:14     | Reached XP level 16. HP: 96/108 MP: 13/16
 21036 | D:15     | Entered Level 15 of the Dungeon
 21081 | D:15     | Found a labyrinth entrance.
 21106 | Lab      | Entered a labyrinth
 21384 | Lab      | Got a flickering lead ring
 21384 | Lab      | Got a fine ruby amulet
 21425 | Lab      | Identified the amulet of Rinwuink {rCorr rC+ MR+ Str+3 Int+3} (You found it in a labyrinth)
 21426 | Lab      | Identified the ring of Taejuon {rPois rF+ EV+3 Dex+3 Slay+3} (You found it in a labyrinth)
 21514 | D:15     | Noticed chequers's ghost (journeyman TrMo)
 21525 | D:15     | Killed chequers's ghost
 21723 | D:15     | Found a staircase to the Depths.
 21774 | D:15     | Received a gift from Okawaru
 22723 | Orc:1    | Entered Level 1 of the Orcish Mines
 22726 | Orc:1    | Noticed Fannar
 22735 | Orc:1    | Killed Fannar
 22939 | Orc:1    | Found Peih's Assorted Antiques.
 22959 | Orc:1    | Bought a silver wand for 84 gold pieces
 24065 | Orc:4    | Entered Level 4 of the Orcish Mines
 24274 | Orc:4    | Found a staircase to the Elven Halls.
 24938 | Orc:4    | Received a gift from Okawaru
 25300 | Orc:4    | Found Ohokyihe's Gadget Emporium.
 25300 | Orc:4    | Found Qymyss's Food Emporium.
 25303 | Orc:4    | Found Kuvvajafo's Gadget Emporium.
 25303 | Orc:4    | Found Opiric's General Store.
 25311 | Orc:4    | Reached skill level 16 in Armour
 25323 | Orc:4    | Bought a +2 helmet of see invisible for 258 gold pieces
 25701 | Swamp:1  | Entered Level 1 of the Swamp
 25720 | Swamp:1  | Noticed Josephine
 25726 | Swamp:1  | Killed Josephine
 26691 | Swamp:2  | Reached skill level 1 in Dodging
 26734 | Swamp:2  | Noticed Donald
 26745 | Swamp:2  | Killed Donald
 26806 | Swamp:2  | Reached XP level 17. HP: 111/115 MP: 17/17
 26889 | Swamp:2  | Received a gift from Okawaru
 28213 | Swamp:3  | Received a gift from Okawaru
 28556 | Swamp:4  | Entered Level 4 of the Swamp
 28573 | Swamp:4  | Noticed Nikola
 28590 | Swamp:4  | Killed Nikola
 29019 | Swamp:4  | Noticed a bone dragon
 29042 | Swamp:4  | Killed a bone dragon
 29042 | Swamp:4  | Reached skill level 17 in Armour
 29259 | Swamp:4  | Got a decaying rune of Zot
 29454 | Swamp:4  | Reached skill level 5 in Dodging
 30002 | Lair:5   | Reached XP level 18. HP: 122/122 MP: 18/18
 30064 | Snake:1  | Entered Level 1 of the Snake Pit
 30094 | Snake:1  | Received a gift from Okawaru
 30145 | Snake:1  | Noticed Aizul
 30158 | Snake:1  | Killed Aizul
 30568 | Snake:1  | Reached skill level 15 in Axes
 30881 | Snake:1  | Got a slimy tin ring
 31798 | Snake:3  | Received a gift from Okawaru
 31801 | Snake:3  | Noticed Mara
 31803 | Snake:3  | Noticed Eucla's illusion
 32187 | Snake:3  | Noticed Eucla's illusion
 32192 | Snake:3  | Killed Mara
 32247 | Snake:3  | Identified the ring "Pongatz" {+Fly rN+ Str+4 Dex-4} (You found it on level 1 of the Snake Pit)
 32694 | Snake:3  | Found a sparkling altar of Nemelex Xobeh.
 32766 | Snake:3  | Got a transparent cloak
 32767 | Snake:3  | Identified the cursed +0 cloak "Docoim" {MR+ Str+4 Dex-4 Slay+3} (You found it on level 3 of the Snake Pit)
 32834 | Snake:3  | Reached skill level 18 in Armour
 33186 | Snake:3  | Found a radiant altar of Vehumet.
 33195 | Snake:3  | Found a sacrificial altar of Ru.
 33289 | Snake:4  | Entered Level 4 of the Snake Pit
 33338 | Snake:4  | Reached XP level 19. HP: 107/129 MP: 19/19
 34139 | Snake:4  | Received a gift from Okawaru
 34161 | Snake:4  | Noticed Vashnia
 34688 | Snake:4  | Killed Vashnia
 35194 | Snake:4  | Got a serpentine rune of Zot
 35779 | Snake:1  | Received a gift from Okawaru
 36058 | Vaults:1 | Entered Level 1 of the Vaults
 36381 | Vaults:1 | Found Loiteroepn's Gadget Boutique.
 36390 | Vaults:1 | Bought a wand of heal wounds (6) for 1140 gold pieces
 36817 | Vaults:1 | Reached XP level 20. HP: 114/137 MP: 20/20
 37072 | Vaults:1 | Received a gift from Okawaru
 37472 | Vaults:1 | Gained mutation: You are partially covered in thin metallic scales (AC +2). [potion of beneficial mutation]
 37571 | Vaults:1 | Reached skill level 19 in Armour
 37718 | Vaults:2 | Found a staircase to the Crypt.
 38350 | Vaults:2 | Received a gift from Okawaru
 38625 | Vaults:2 | Found Eneigosy's Weapon Boutique.
 39263 | Vaults:3 | Reached skill level 10 in Dodging
 39648 | Vaults:3 | Found Rel Zec's General Store.
 39660 | Vaults:3 | Bought a scroll of identify for 28 gold pieces
 39660 | Vaults:3 | Bought a scroll of teleportation for 42 gold pieces
 39660 | Vaults:3 | Bought a scroll of blinking for 105 gold pieces
 40051 | Vaults:3 | Reached XP level 21. HP: 144/144 MP: 21/21
 40068 | Vaults:3 | Got a smoking ring mail
 40074 | Vaults:3 | Got a steaming plate armour
 40075 | Vaults:3 | Identified the +0 plate armour of Naje {+Blink rF++ MR+} (You acquired it on level 3 of the Vaults)
 40076 | Vaults:3 | Identified the cursed +1 ring mail of the Original Sin {*Confuse rPois Int+3 SInv} (You found it on level 3 of the Vaults)
 40106 | Vaults:3 | Received a gift from Okawaru
 40123 | Vaults:3 | Got a jewelled hat {god gift}
 40124 | Vaults:3 | Identified the +2 hat "Lell" {rF+ Dex-4 SInv} (Okawaru gifted it to you on level 3 of the Vaults)
 40322 | Vaults:3 | Found a portal to a secret trove of treasure.
 41328 | Vaults:4 | Reached skill level 20 in Armour
 41511 | Vaults:4 | Received a gift from Okawaru
 41514 | Vaults:4 | Got a faintly humming hat {god gift}
 41525 | Vaults:4 | Identified the +0 hat of Too Many Cooks {+Inv rElec SInv Stlth+} (Okawaru gifted it to you on level 4 of the Vaults)
 41582 | Vaults:4 | Got an encrusted helmet
 41588 | Vaults:4 | Identified the cursed +0 helmet "Fiqeney" {MR+ Dex+5} (You found it on level 4 of the Vaults)
 41797 | Vaults:4 | Found a shimmering altar of Xom.
 42846 | Elf:1    | Entered Level 1 of the Elven Halls
 42855 | Elf:1    | Reached skill level 21 in Fighting
 42862 | Elf:1    | Found a radiant altar of Vehumet.
 43079 | Elf:1    | Reached XP level 22. HP: 150/155 MP: 22/22
 43853 | Elf:2    | Found a runed door.
 43877 | Elf:2    | Found a runed door.
 44190 | Elf:2    | Received a gift from Okawaru
 44415 | Elf:2    | Reached skill level 22 in Fighting
 45086 | Elf:3    | Entered Level 3 of the Elven Halls
 45660 | Elf:3    | Reached skill level 23 in Fighting
 45739 | Elf:3    | Received a gift from Okawaru
 46519 | Elf:3    | Got a smoking jade amulet
 46618 | Elf:3    | Identified the amulet of Gozag's Delight {rCorr MP+9 Str+2} (You found it on level 3 of the Elven Halls)
 47175 | Depths:1 | Entered Level 1 of the Depths
 47362 | Depths:1 | Reached XP level 23. HP: 164/167 MP: 23/23
 47366 | Depths:1 | Received a gift from Okawaru
 47514 | Depths:1 | Found a gateway to Hell.
 47539 | Depths:1 | Reached skill level 24 in Fighting
 47990 | Depths:2 | Noticed Jorgrun
 47995 | Depths:2 | Killed Jorgrun
 48423 | Depths:2 | Noticed mopl's ghost (adept GrFi)
 48433 | Depths:2 | Reached skill level 25 in Fighting
 48452 | Depths:2 | Killed mopl's ghost
 48657 | Depths:2 | Received a gift from Okawaru
 48753 | Depths:2 | Noticed Saint Roka
 48765 | Depths:2 | Killed Saint Roka
 49858 | Depths:2 | Gained mutation: You are clumsy. (Dex -2) [a cacodemon]
 50324 | Depths:3 | Reached skill level 26 in Fighting
 50415 | Depths:3 | Received a gift from Okawaru
 50419 | Depths:3 | Reached XP level 24. HP: 172/178 MP: 23/23
 50951 | Depths:3 | Found a one-way gate leading to the halls of Pandemonium.
 51064 | Depths:3 | Received a gift from Okawaru
 51604 | Depths:3 | Reached skill level 27 in Fighting
 52125 | Depths:3 | Noticed the Enchantress
 52139 | Depths:3 | Received a gift from Okawaru
 52157 | Depths:3 | Killed the Enchantress
 52915 | Depths:3 | Got a faerie dragon armour
 52916 | Depths:3 | Identified the +1 faerie dragon armour {rN+ Regen+ Str+2} (You took it off the Enchantress on level 3 of the Depths)
 53510 | Depths:4 | Reached XP level 25. HP: 182/187 MP: 23/23
 53514 | Depths:4 | Found a gateway to a ziggurat.
 53514 | Depths:4 | Found a one-way gate to the infinite horrors of the Abyss.
 53600 | Depths:4 | Received a gift from Okawaru
 53748 | Depths:4 | Found a glowing silver altar of Zin.
 53749 | Depths:4 | Found a snail-covered altar of Cheibriados.
 53749 | Depths:4 | Found a glowing golden altar of the Shining One.
 54013 | Depths:4 | Received a gift from Okawaru
 54021 | Depths:4 | Got a brightly glowing cloak {god gift}
 54365 | Depths:4 | Got a transparent ruby amulet
 54367 | Depths:4 | Identified the +0 cloak of Indomitability {Slay+2} (Okawaru gifted it to you on level 4 of the Depths)
 54368 | Depths:4 | Identified the amulet "Odan" {Spirit rF+ Str+3} (You found it on level 4 of the Depths)
 54810 | Depths:5 | Entered Level 5 of the Depths
 54987 | Depths:5 | Found a flickering gateway to a bazaar.
 55008 | Bazaar   | Entered a bazaar
 55008 | Bazaar   | Found Eqie's Assorted Antiques.
 55008 | Bazaar   | Found Paddyfod's Magic Scroll Emporium.
 55009 | Bazaar   | Found Zaigeog's Jewellery Shoppe.
 55009 | Bazaar   | Found Jikhits's Weapon Emporium.
 55042 | Bazaar   | Bought a scroll of fog for 28 gold pieces
 55042 | Bazaar   | Bought a scroll of identify for 28 gold pieces
 55042 | Bazaar   | Bought a scroll of enchant armour for 105 gold pieces
 55042 | Bazaar   | Bought a scroll of remove curse for 42 gold pieces
 55042 | Bazaar   | Bought a scroll of teleportation for 42 gold pieces
 55042 | Bazaar   | Bought a scroll of identify for 28 gold pieces
 55042 | Bazaar   | Bought a scroll of remove curse for 42 gold pieces
 55052 | Bazaar   | Bought a crude plate armour for 532 gold pieces
 55052 | Bazaar   | Bought a scroll of enchant armour for 142 gold pieces
 55052 | Bazaar   | Bought a scroll of magic mapping for 66 gold pieces
 55057 | Bazaar   | Identified the cursed +0 plate armour of Negation {rN+ Dex+2 Slay+2} (You bought it in a shop in a bazaar)
 55483 | Depths:5 | Found a gate to the Realm of Zot.
 55507 | Depths:4 | Got a jewelled buckler
 55508 | Depths:4 | Identified the +2 buckler "Qyju" {rElec rC+ MP+9 Str-4} (You took it off a deep elf demonologist on level 4 of the Depths)
 55584 | Depths:4 | Received a gift from Okawaru
 56142 | Vaults:5 | Entered Level 5 of the Vaults
 56154 | Vaults:5 | Reached XP level 26. HP: 182/193 MP: 23/23
 56601 | Vaults:5 | Received a gift from Okawaru
 57050 | Vaults:5 | Noticed patrick's ghost (adept MiFi)
 57079 | Vaults:5 | Killed patrick's ghost
 57341 | Vaults:5 | Received a gift from Okawaru
 57408 | Vaults:5 | Got a silver rune of Zot
 57597 | Vaults:5 | Got a smoking battleaxe {chop}
 57597 | Vaults:5 | Got a faintly humming chain mail
 57623 | Vaults:5 | Got a pair of slimy boots
 57634 | Vaults:5 | Identified the -2 pair of boots "Jiseys" {+Fly rF- Regen+} (You found it on level 5 of the Vaults)
 57655 | Vaults:5 | Identified the cursed +1 chain mail "Disida" {*Corrode rF+ Int+7 Dex-2} (You took it off a vault warden on level 5 of the Vaults)
 57679 | Vaults:5 | Identified the +9 battleaxe of Sesuna {chop, Str-3 Int+2 SInv} (You took it off a tengu reaver on level 5 of the Vaults)
 57947 | Vaults:5 | Reached XP level 27. HP: 199/199 MP: 23/23
 58642 | Slime:1  | Entered Level 1 of the Pits of Slime
 58898 | Slime:2  | Gained mutation: Your body sometimes deteriorates upon taking damage. [a shining eye]
 59637 | Slime:6  | Entered Level 6 of the Pits of Slime
 59772 | Slime:6  | Gained mutation: You are dopey. (Int -2) [a shining eye]
 59774 | Slime:6  | Gained mutation: Armour fits poorly on your strangely shaped body. [a shining eye]
 59785 | Slime:6  | Gained mutation: Your body often deteriorates upon taking damage. [a shining eye]
 59794 | Slime:6  | Lost mutation: Your body often deteriorates upon taking damage. [potion of cure mutation]
 59794 | Slime:6  | Lost mutation: You are clumsy. (Dex -2) [potion of cure mutation]
 59794 | Slime:6  | Lost mutation: Your body sometimes deteriorates upon taking damage. [potion of cure mutation]
 59794 | Slime:6  | Lost mutation: You are partially covered in thin metallic scales (AC +2). [potion of cure mutation]
 59794 | Slime:6  | Lost mutation: You are dopey. (Int -2) [potion of cure mutation]
 59794 | Slime:6  | Lost mutation: Armour fits poorly on your strangely shaped body. [potion of cure mutation]
 59876 | Slime:6  | Received a gift from Okawaru
 60599 | Slime:6  | Found a viscous altar of Jiyva.
 60604 | Slime:6  | Noticed the royal jelly
 60612 | Slime:6  | Killed the royal jelly
 60689 | Slime:6  | Got an ancient helmet
 60711 | Slime:6  | Got a slimy rune of Zot
 60798 | Slime:6  | Identified the cursed -2 helmet of Caarghono {*Confuse rElec Str+3 Slay+3} (You found it on level 6 of the Pits of Slime)
 61382 | Crypt:1  | Entered Level 1 of the Crypt
 61382 | Crypt:1  | Noticed Jory
 61397 | Crypt:1  | Killed Jory
 61663 | Crypt:1  | Noticed Khufu
 61688 | Crypt:1  | Killed Khufu
 61747 | Crypt:1  | Noticed Sojobo
 61762 | Crypt:1  | Killed Sojobo
 62221 | Crypt:1  | Received a gift from Okawaru
 62448 | Crypt:2  | Got a distressingly furry plate armour
 62577 | Crypt:2  | Found a magical portal.
 62586 | WizLab   | Entered Iskenderun's Mystic Tower
 64477 | Crypt:3  | Entered Level 3 of the Crypt
 64820 | Crypt:3  | Found a staircase to the Tomb.
 65130 | Crypt:3  | Noticed Frederick
 65139 | Crypt:3  | Killed Frederick
 65321 | Crypt:3  | Found a basalt altar of Yredelemnul.
 65762 | Crypt:3  | Reached skill level 27 in Axes
 65921 | Crypt:3  | Received a gift from Okawaru
 66154 | Crypt:3  | Got a vibrating lead ring
 66156 | Crypt:3  | Got a scorched zirconium amulet
 66156 | Crypt:3  | Got a scorched silver ring
 66157 | Crypt:3  | Identified the ring of Malucix {*Contam rPois Dex+5} (You found it on level 3 of the Crypt)
 66158 | Crypt:3  | Identified the amulet "Diphigay" {Ward rF- rN+ Int+4 Dex+5} (You found it on level 3 of the Crypt)
 66159 | Crypt:3  | Identified the ring "Axistreng" {rElec rPois rC+ rN+} (You found it on level 3 of the Crypt)
 67216 | Depths:4 | Identified the +2 plate armour "Voyrgh" {Stlth+} (You found it on level 2 of the Crypt)
 67232 | Depths:4 | Voluntarily entered the Abyss.
 67935 | Abyss:1  | Paralysed by accursed screaming for 1 turns
 67958 | Abyss:1  | Paralysed by a giant eyeball for 4 turns
 68525 | Abyss:2  | Received a gift from Okawaru
 68667 | Abyss:3  | Found a corrupted altar of Lugonu.
 68992 | Abyss:3  | Noticed an ancient lich
 69280 | Abyss:3  | Received a gift from Okawaru
 69301 | Abyss:3  | Got an ivory broad axe {god gift}
 69836 | Abyss:3  | Got an abyssal rune of Zot
 69939 | Depths:4 | Escaped the Abyss
 69962 | Depths:4 | Fell from the grace of Okawaru
 69962 | Depths:4 | Became a worshipper of the Shining One
 69982 | Pan      | Entered Pandemonium
 70093 | Pan      | Found an exit through the horrors of the Abyss.
 70147 | Pan      | Reached * piety under the Shining One
 70250 | Pan      | Got a warped copper amulet
 70293 | Pan      | Reached ** piety under the Shining One
 70324 | Pan      | Noticed Soonuet the pandemonium lord
 70332 | Pan      | Killed Soonuet the pandemonium lord
 70412 | Pan      | Reached *** piety under the Shining One
 70610 | Pan      | Reached **** piety under the Shining One
 70721 | Pan      | Found an exit through the horrors of the Abyss.
 70844 | Pan      | Reached ***** piety under the Shining One
 70933 | Pan      | Found a runed door.
 71229 | Pan      | Noticed Etzuib the pandemonium lord
 71477 | Pan      | Reached skill level 1 in Invocations
 71502 | Pan      | Killed Etzuib the pandemonium lord
 71773 | Pan      | Reached ****** piety under the Shining One
 72240 | Pan      | Identified a +8 executioner's axe of holy wrath (a +6 executioner's axe of venom blessed by the Shining One)
 72240 | Pan      | Received a gift from the Shining One
 72297 | Pan      | Identified the +10 broad axe of Akkimeuk {chop, +Inv rC- Str+2 Dex+4} (Okawaru gifted it to you on level 3 of the Abyss)
 72313 | Pan      | Identified the amulet "Miduqium" {Ward *Corrode rN+ MP+9 Int+6 SInv} (You found it in Pandemonium)
 72373 | Pan      | Reached skill level 5 in Invocations
 72394 | Pan      | Found an exit through the horrors of the Abyss.
 72400 | Pan      | Got a jewelled plate armour
 72401 | Pan      | Identified the +9 plate armour of the Harvest {rPois Int+3} (You found it in Pandemonium)
 72564 | Pan      | Noticed Vissetr Xuow the pandemonium lord
 72580 | Pan      | Killed Vissetr Xuow the pandemonium lord
 72585 | Pan      | Gained mutation: Scrolls take you a little longer to read. [a neqoxec]
 72712 | Pan      | Found an exit through the horrors of the Abyss.
 73010 | Pan      | Noticed Pipniabla the pandemonium lord
 73018 | Pan      | Killed Pipniabla the pandemonium lord
 73078 | Pan      | Entered the realm of Cerebov.
 73120 | Pan      | Found an exit through the horrors of the Abyss.
 73166 | Pan      | Reached skill level 10 in Invocations
 73336 | Pan      | Noticed Cerebov
 73354 | Pan      | Killed Cerebov
 73420 | Pan      | Got a pitted marble ring
 73425 | Pan      | Identified the ring "Wucasoy" {rC+ Int+2} (You found it in Pandemonium)
 73503 | Pan      | Got a fiery rune of Zot
 73652 | Pan      | Found an exit through the horrors of the Abyss.
 73681 | Pan      | Found an exit through the horrors of the Abyss.
 73927 | Pan      | Noticed Qodudat the pandemonium lord
 73933 | Pan      | Killed Qodudat the pandemonium lord
 74342 | Pan      | Was forgiven by Okawaru
 74547 | Pan      | Reached skill level 27 in Armour
 74697 | Pan      | Found an exit through the horrors of the Abyss.
 74987 | Pan      | Noticed Ufos the pandemonium lord
 74992 | Pan      | Reached skill level 15 in Invocations
 75003 | Pan      | Killed Ufos the pandemonium lord
 75031 | Pan      | Got a steaming halberd
 75217 | Pan      | Entered the realm of Lom Lobon.
 75599 | Pan      | Noticed Lom Lobon
 75612 | Pan      | Got a magical rune of Zot
 75978 | Pan      | Found an exit through the horrors of the Abyss.
 76316 | Pan      | Noticed Damod the pandemonium lord
 76324 | Pan      | Killed Damod the pandemonium lord
 76387 | Pan      | Found an exit through the horrors of the Abyss.
 76412 | Pan      | Noticed Liewkotu the pandemonium lord
 76419 | Pan      | Killed Liewkotu the pandemonium lord
 76443 | Pan      | Found an exit through the horrors of the Abyss.
 76460 | Pan      | Noticed Syfie the pandemonium lord
 76467 | Pan      | Killed Syfie the pandemonium lord
 76616 | Pan      | Lost mutation: Scrolls take you a little longer to read. [potion of cure mutation]
 77212 | Pan      | Noticed a seraph
 77233 | Pan      | Killed a seraph
 77238 | Pan      | Found a glowing golden altar of the Shining One.
 77269 | Pan      | Got a demonic rune of Zot
 77276 | Pan      | Got a brightly glowing jade ring
 77287 | Pan      | Got a pair of heavily runed boots
 77288 | Pan      | Identified the +2 pair of boots of Yhoad {+Fly rN+} (You found it in Pandemonium)
 77289 | Pan      | Identified the ring "Sijeurr" {rN+ SInv} (You found it in Pandemonium)
 77314 | Pan      | Got a sparkling amethyst amulet
 77631 | Pan      | Found an exit through the horrors of the Abyss.
 77681 | Pan      | Found an exit through the horrors of the Abyss.
 77681 | Pan      | Noticed Bocwalod the pandemonium lord
 77694 | Pan      | Killed Bocwalod the pandemonium lord
 77892 | Pan      | Noticed Wudoemp the pandemonium lord
 77938 | Pan      | Killed Wudoemp the pandemonium lord
 78228 | Pan      | Got a pair of polished boots
 78229 | Pan      | Identified the -3 pair of boots of Fun {rF+ rC- rN+} (You acquired it in Pandemonium)
 78230 | Pan      | Identified the amulet "Idegguar" {MR+ Regen+ Str+4} (You took it off an angel in Pandemonium)
 78255 | Pan      | Found an exit through the horrors of the Abyss.
 78295 | Pan      | Found a gateway to a ziggurat.
 78404 | Pan      | Noticed Reajis the pandemonium lord
 78415 | Pan      | Killed Reajis the pandemonium lord
 78483 | Pan      | Entered the realm of Gloorx Vloq.
 78490 | Pan      | Noticed Gloorx Vloq
 78503 | Pan      | Killed Gloorx Vloq
 78549 | Pan      | Got a dark rune of Zot
 78687 | Pan      | Noticed Offifes the pandemonium lord
 78699 | Pan      | Killed Offifes the pandemonium lord
 78712 | Pan      | Noticed Mennas
 78728 | Pan      | Killed Mennas
 78751 | Pan      | Found an exit through the horrors of the Abyss.
 78819 | Pan      | Entered the realm of Mnoleg.
 78971 | Pan      | Gained mutation: Your body sometimes deteriorates upon taking damage. [a neqoxec]
 78984 | Pan      | Found an exit through the horrors of the Abyss.
 79230 | Pan      | Lost intelligence.
 79309 | Pan      | Noticed Mnoleg
 79331 | Pan      | Killed Mnoleg
 79358 | Pan      | Got a glowing rune of Zot
 79690 | Pan      | Found an exit through the horrors of the Abyss.
 79852 | Pan      | Noticed Qaal the pandemonium lord
 79881 | Pan      | Killed Qaal the pandemonium lord
 79953 | Depths:4 | Escaped Pandemonium
 79958 | Hell     | Entered the Vestibule of Hell
 79973 | Hell     | Noticed Geryon
 80002 | Hell     | Killed Geryon
 80057 | Hell     | Found a gateway to the ashen valley of Gehenna.
 80153 | Hell     | Found a gateway to the Iron City of Dis.
 80256 | Hell     | Found a gateway to the decaying netherworld of Tartarus.
 80324 | Hell     | Found a gateway to the freezing wastes of Cocytus.
 80505 | Coc:1    | Entered Level 1 of Cocytus
 80522 | Coc:1    | Reached skill level 27 in Invocations
 81078 | Coc:7    | Entered Level 7 of Cocytus
 81252 | Coc:7    | Reached skill level 15 in Dodging
 81342 | Coc:7    | Got a flickering pewter ring
 81387 | Coc:7    | Identified the ring of Obsession {Ice Int+3 Slay-5} (You found it on level 7 of Cocytus)
 81587 | Coc:7    | Got a brightly glowing glass ring
 81592 | Coc:7    | Identified the ring "Qaadd" {rPois rC+ Str+2 Int-5 Dex-3} (You found it on level 7 of Cocytus)
 81681 | Coc:7    | Noticed the Serpent of Hell
 81691 | Coc:7    | Killed the Serpent of Hell
 82066 | Coc:7    | Noticed Antaeus
 82092 | Coc:7    | Killed Antaeus
 82121 | Coc:7    | Got an icy rune of Zot
 83031 | Geh:1    | Entered Level 1 of Gehenna
 83588 | Geh:4    | Gained mutation: Scrolls take you a little longer to read. [mutagenic glow]
 84093 | Geh:7    | Entered Level 7 of Gehenna
 84704 | Geh:7    | Noticed Asmodeus
 84717 | Geh:7    | Killed Asmodeus
 84734 | Geh:7    | Got an obsidian rune of Zot
 85084 | Dis:1    | Entered Level 1 of the Iron City of Dis
 85649 | Dis:7    | Entered Level 7 of the Iron City of Dis
 85787 | Dis:7    | Gained mutation: You tend to lose your temper in combat. [mutagenic glow]
 85970 | Dis:7    | Lost mutation: Scrolls take you a little longer to read. [potion of cure mutation]
 85970 | Dis:7    | Lost mutation: Your body sometimes deteriorates upon taking damage. [potion of cure mutation]
 86732 | Dis:7    | Noticed Dispater
 86754 | Dis:7    | Killed Dispater
 86823 | Dis:7    | Got an iron rune of Zot
 87086 | Tar:1    | Entered Level 1 of Tartarus
 87925 | Tar:7    | Entered Level 7 of Tartarus
 88038 | Tar:7    | Noticed Ereshkigal
 88051 | Tar:7    | Killed Ereshkigal
 88073 | Tar:7    | Got a bone rune of Zot
 88616 | Temple   | Fell from the grace of the Shining One
 88616 | Temple   | Became a worshipper of Kikubaaqudgha
 89192 | Zot:1    | Entered Level 1 of the Realm of Zot
 89628 | Zot:1    | Reached * piety under Kikubaaqudgha
 89628 | Zot:1    | Received a gift from Kikubaaqudgha
 89634 | Zot:1    | Got a heavily runed helmet
 89635 | Zot:1    | Identified the +0 helmet "Mizyr" {rPois rC+ Str+2 Slay-5} (You found it on level 1 of the Realm of Zot)
 90785 | Zot:2    | Reached ** piety under Kikubaaqudgha
 91686 | Zot:2    | Reached *** piety under Kikubaaqudgha
 91686 | Zot:2    | Received a gift from Kikubaaqudgha
 92236 | Zot:3    | Reached skill level 27 in Dodging
 92448 | Zot:3    | Reached **** piety under Kikubaaqudgha
 92448 | Zot:3    | Reached skill level 1 in Evocations
 92992 | Zot:3    | Reached skill level 5 in Evocations
 94769 | Zot:4    | Reached skill level 10 in Evocations
 95924 | Zot:5    | Entered Level 5 of the Realm of Zot
 96129 | Zot:5    | Noticed an orb of fire
 96142 | Zot:5    | Gained mutation: You possess an exceptional clarity of mind. [an orb of fire]
 96145 | Zot:5    | Killed an orb of fire
 96894 | Zot:5    | Reached ***** piety under Kikubaaqudgha
 96991 | Zot:5    | Noticed an orb of fire
 96997 | Zot:5    | Gained mutation: Armour fits poorly on your strangely shaped body. [an orb of fire]
 97008 | Zot:5    | Killed an orb of fire
 97011 | Zot:5    | Lost mutation: Armour fits poorly on your strangely shaped body. [potion of cure mutation]
 97011 | Zot:5    | Lost mutation: You tend to lose your temper in combat. [potion of cure mutation]
 97011 | Zot:5    | Lost mutation: You possess an exceptional clarity of mind. [potion of cure mutation]
 97015 | Zot:5    | Noticed an orb of fire
 97016 | Zot:5    | Gained mutation: Your body sometimes deteriorates upon taking damage. [an orb of fire]
 97019 | Zot:5    | Noticed an orb of fire
 97020 | Zot:5    | Gained mutation: Armour fits poorly on your strangely shaped body. [an orb of fire]
 97027 | Zot:5    | Killed an orb of fire
 97034 | Zot:5    | Noticed an orb of fire
 97037 | Zot:5    | Killed an orb of fire
 97054 | Zot:5    | Noticed an orb of fire
 97057 | Zot:5    | Noticed an orb of fire
 97060 | Zot:5    | Killed an orb of fire
 97075 | Zot:5    | Killed an orb of fire
 97082 | Zot:5    | Gained mutation: Your body often deteriorates upon taking damage. [an orb of fire]
 97093 | Zot:5    | Killed an orb of fire
 97101 | Zot:5    | Noticed an ancient lich
 97110 | Zot:5    | Reached skill level 15 in Evocations
 97121 | Zot:5    | Killed an ancient lich
 97580 | Zot:5    | Noticed an orb of fire
 97602 | Zot:5    | Killed an orb of fire
 97605 | Zot:5    | Got the Orb of Zot
 97626 | Zot:5    | Noticed an ancient lich
 97649 | Zot:5    | Killed an ancient lich
 98057 | Depths:4 | Noticed Lolaimos the pandemonium lord
 98072 | Depths:4 | Killed Lolaimos the pandemonium lord
 98282 | D:15     | Noticed Sorrej the pandemonium lord
 98290 | D:15     | Killed Sorrej the pandemonium lord
 98565 | Crypt:3  | Noticed Nanutissor the pandemonium lord
 98577 | Crypt:3  | Killed Nanutissor the pandemonium lord
 98670 | Tomb:1   | Entered Level 1 of the Tomb of the Ancients
 98817 | Tomb:1   | Noticed Huegi the pandemonium lord
 98826 | Tomb:1   | Killed Huegi the pandemonium lord
 98879 | Tomb:1   | Noticed Gitsonam the pandemonium lord
 98882 | Tomb:1   | Noticed Biczemmi the pandemonium lord
 99066 | Tomb:1   | Reached ****** piety under Kikubaaqudgha
 99148 | Tomb:1   | Killed Biczemmi the pandemonium lord
 99210 | Tomb:1   | Noticed Fuazoak the pandemonium lord
 99221 | Tomb:1   | Killed Fuazoak the pandemonium lord
 99226 | Tomb:1   | Noticed Ketrok the pandemonium lord
 99242 | Tomb:1   | Killed Ketrok the pandemonium lord
 99438 | Tomb:1   | Noticed Hoaqeo the pandemonium lord
 99446 | Tomb:1   | HP: 9/199 [Hoaqeo the pandemonium lord/blast of hellfire (44)]
 99457 | Tomb:1   | Killed Hoaqeo the pandemonium lord
 99659 | Tomb:1   | Was forgiven by the Shining One
 99769 | Tomb:2   | Noticed an ancient lich
 99780 | Tomb:2   | Killed an ancient lich
100003 | Tomb:2   | Noticed Afirr the pandemonium lord
100004 | Tomb:2   | Killed Afirr the pandemonium lord
100070 | Tomb:2   | Noticed Hyepsuza the pandemonium lord
100076 | Tomb:2   | Killed Hyepsuza the pandemonium lord
100387 | Tomb:2   | Noticed Moimih the pandemonium lord
100398 | Tomb:2   | Killed Moimih the pandemonium lord
100420 | Tomb:2   | Noticed Ynioth the pandemonium lord
100433 | Tomb:2   | Killed Ynioth the pandemonium lord
100447 | Tomb:2   | Noticed Jegaufiy the pandemonium lord
100454 | Tomb:2   | Killed Jegaufiy the pandemonium lord
100527 | Tomb:2   | Noticed Zaptab the pandemonium lord
100535 | Tomb:2   | Killed Zaptab the pandemonium lord
100602 | Tomb:3   | Entered Level 3 of the Tomb of the Ancients
100669 | Tomb:3   | HP: 7/199 [mummy priest/divine providence (13)]
101145 | Tomb:2   | Noticed Dixishal the pandemonium lord
101174 | Tomb:2   | Killed Dixishal the pandemonium lord
101242 | Tomb:2   | Noticed Duqatsymu the pandemonium lord
101253 | Tomb:2   | Killed Duqatsymu the pandemonium lord
101790 | Tomb:2   | Noticed a seraph
101802 | Tomb:2   | Killed a seraph
101813 | Tomb:2   | Noticed Coikkisch the pandemonium lord
101876 | Tomb:2   | Noticed Tugud the pandemonium lord
101883 | Tomb:2   | Killed Tugud the pandemonium lord
102290 | Tomb:3   | Noticed an ancient lich
102296 | Tomb:3   | Killed an ancient lich
102328 | Tomb:3   | Got a golden rune of Zot
102381 | Tomb:3   | Noticed Boteqar the pandemonium lord
102395 | Tomb:3   | Killed Boteqar the pandemonium lord
102409 | Tomb:3   | Noticed Eghiedd the pandemonium lord
102417 | Tomb:3   | Killed Eghiedd the pandemonium lord
103223 | Crypt:2  | Noticed a seraph
103254 | Crypt:2  | Noticed Kogoiwuc the pandemonium lord
103260 | Crypt:2  | Killed Kogoiwuc the pandemonium lord
103928 | D:1      | Fell from the grace of Kikubaaqudgha
103996 | D:$      | Escaped with the Orb!

Action                   |  1- 3 |  4- 6 |  7- 9 | 10-12 | 13-15 | 16-18 | 19-21 | 22-24 | 25-27 || total
-------------------------+-------+-------+-------+-------+-------+-------+-------+-------+-------++-------
Melee: War axe           |    86 |   170 |   246 |       |       |       |       |       |       ||   502
       Executioner's axe |       |       |   158 |    86 |       |       |       |       |  4829 ||  5073
       Battleaxe         |       |       |       |   433 |  1145 |  1449 |  1134 |  1341 |  2872 ||  8374
       Broad axe         |       |       |       |       |       |       |       |       |   758 ||   758
Invok: Heroism           |       |       |       |     1 |     6 |     9 |     4 |     3 |     4 ||    27
       Finesse           |       |       |       |       |       |       |       |     1 |     2 ||     3
       Summon Divine War |       |       |       |       |       |       |       |       |    19 ||    19
       Cleansing Flame   |       |       |       |       |       |       |       |       |     7 ||     7
       Divine Shield     |       |       |       |       |       |       |       |       |     1 ||     1
       Brand Weapon With |       |       |       |       |       |       |       |       |     1 ||     1
       Renounce Religion |       |       |       |       |       |       |       |       |     1 ||     1
 Abil: Fly               |       |       |       |       |       |     4 |       |       |     2 ||     6
       Stop Flying       |       |       |       |       |       |       |       |     1 |       ||     1
Evoke: Wand              |       |       |       |       |       |     2 |       |       |    60 ||    62
       Fan of gales      |       |       |       |       |       |       |       |       |     4 ||     4
       Lamp of fire      |       |       |       |       |       |       |       |       |     4 ||     4
  Use: Potion            |       |     3 |     5 |     4 |     2 |     4 |     4 |     4 |    66 ||    92
       Scroll            |       |       |     3 |    15 |    16 |    18 |    12 |    14 |   107 ||   185
 Stab: Distracted        |       |       |       |       |     1 |       |     1 |       |     6 ||     8
       Petrifying        |       |       |       |       |       |       |       |       |     2 ||     2
       Paralysed         |       |       |       |       |       |       |       |       |     1 ||     1
  Eat: Chunk             |       |     5 |     8 |     7 |     4 |     4 |     6 |     7 |     4 ||    45
       Pizza             |       |       |     2 |     7 |       |     1 |       |       |     8 ||    18
       Beef jerky        |       |       |     2 |     2 |     5 |     2 |     3 |     1 |     8 ||    23
       Bread ration      |       |       |       |     1 |       |       |       |       |    25 ||    26
       Fruit             |       |       |       |       |    21 |    14 |     2 |     5 |    12 ||    54
       Meat ration       |       |       |       |       |       |     8 |     4 |     3 |    15 ||    30
       Royal jelly       |       |       |       |       |       |     1 |     1 |     1 |     2 ||     5
